 Dungeon Crawl Stone Soup version 0.26.1-11-gd32895ea62 (webtiles) character file.

Game seed: 4673949921117214747

368 alphawulf the Cudgeller (level 6, 0/49 HPs)
             Began as a Demonspawn Berserker on May 26, 2021.
             Was a Believer of Trog.
             Slain by an orc warrior
             ... wielding a cursed -3 trident
              (2 damage)
             ... on level 4 of the Dungeon on June 1, 2021.
             The game lasted 00:11:36 (3922 turns).

alphawulf the Cudgeller (Demonspawn Berserker)      Turns: 3922, Time: 00:11:36

Health: 0/49       AC: 14    Str: 19    XL:     6   Next: 41%
Magic:  6/6        EV: 10    Int:  9    God:    Trog [**....]
Gold:   188        SH:  0    Dex: 12    Spells: 5/5 levels left

rFire    . . .     SeeInvis .   a - +2 hand axe (venom)
rCold    . . .     Faith    .   (no shield)
rNeg     + . .     Spirit   .   n - +1 plate armour
rPois    .         Reflect  .   (helmet restricted)
rElec    .         Harm     .   (no cloak)
rCorr    .         Rampage  .   (no gloves)
Will     .....                  (no boots)
Stlth    ..........             (no amulet)
HPRegen  0.16/turn              e - +4 ring of evasion
MPRegen  0.10/turn              m - ring of positive energy

@: lethally poisoned (0 -> -9)
A: horns 1, thin metallic scales 1, powered by death 2
a: Renounce Religion, Berserk, Trog's Hand


You were on level 4 of the Dungeon.
You worshipped Trog.
Trog was pleased with you.
You visited 1 branch of the dungeon, and saw 4 of its levels.

You collected 188 gold pieces.

Inventory:

Hand Weapons
 a - a +2 hand axe of venom (weapon)
Missiles
 f - 39 sling bullets
 i - 4 silver boomerangs
 l - 4 poisoned darts (quivered)
 p - 33 bolts
Armour
 n - a +1 plate armour (worn)
Jewellery
 e - a +4 ring of evasion (left hand)
 m - a ring of positive energy (right hand)
Scrolls
 b - 2 scrolls of identify
Potions
 c - a potion of lignification
 d - a potion of curing {unknown}
 o - a potion of flight


   Skills:
 * Level 4.4 Fighting
 + Level 0.7(3.0) Axes
 * Level 4.8 Maces & Flails
 + Level 1.3 Throwing
 * Level 2.9 Armour
 + Level 2.0 Dodging


You had 5 spell levels left.
You didn't know any spells.
Your spell library was empty.

Dungeon Overview and Level Annotations

Branches:
Dungeon (4/15)             Temple (0/1) D:4

Altars:
Sif Muna


Innate Abilities, Weirdness & Mutations

You have a pair of small horns on your head.
You are partially covered in thin metallic scales. (AC +2)
You regenerate health from kills.


Message History

You hit the orc warrior but do no damage.
The orc warrior is lightly wounded.
You feel sick.
The orc warrior hits you with a cursed -3 trident!
* * * LOW HITPOINT WARNING * * *
You hit the orc warrior. Your headbutt misses the orc warrior.
The orc warrior is moderately wounded.
You feel sick.
The orc warrior hits you with a cursed -3 trident!
* * * LOW HITPOINT WARNING * * *
You are too injured to fight recklessly!
You are too injured to fight recklessly!
You are too injured to fight recklessly!
You are too injured to fight recklessly!
You closely miss the orc warrior.
The orc warrior is moderately wounded.
* * * LOW HITPOINT WARNING * * *
You feel sick.
The orc warrior hits you with a cursed -3 trident.
You die...

#######...>.......
########.##..#.####
....(()(..........##
##(........#...##..#
.......(....#.#..#.#####
#......(.#..#....#....))
..........##....#..#####
#............>.....#
.......@..#....##..#
.#.....o.#....#..#.#####
####.##.#..#.#[.[.##...
#. ..##...#..###.## #.
#........# #.#. ..
#..#...# #.#. # .## #.
#.#. .# #... #...


You could see an orc warrior (resistant).

Vanquished Creatures
  An ogre (D:4)
  2 orc priests
  A bullfrog skeleton (D:4)
  An iguana (D:4)
  2 orc wizards
  3 adders
  A worm (D:2)
  3 dart slugs
  3 leopard geckos
  10 orcs
  2 ball pythons
  5 bats
  5 giant cockroaches
  5 goblins
  4 hobgoblins
  3 jackals (D:2)
  3 quokkas
  4 frilled lizards
  9 kobolds
  7 rats
74 creatures vanquished.

Notes
Turn   | Place    | Note
-------+----------+-------------------------------------------
     0 | D:1      | alphawulf the Demonspawn Berserker began the quest for the
                  | Orb.
     0 | D:1      | Reached XP level 1. HP: 18/18 MP: 1/1
   341 | D:1      | Gained mutation: You regenerate a little health from kills.
                  | [demonic ancestry]
   341 | D:1      | Reached XP level 2. HP: 22/24 MP: 2/2
  1376 | D:2      | Gained mutation: You have a pair of small horns on your
                  | head. [demonic ancestry]
  1376 | D:2      | Reached XP level 3. HP: 27/29 MP: 3/3
  1670 | D:2      | Reached ** piety under Trog
  2089 | D:2      | Found a shimmering blue altar of Sif Muna.
  2332 | D:2      | Reached XP level 4. HP: 37/37 MP: 4/4
  3360 | D:3      | Gained mutation: You regenerate health from kills. [demonic
                  | ancestry]
  3360 | D:3      | Reached XP level 5. HP: 28/42 MP: 5/5
  3691 | D:4      | Noticed an orc warrior
  3818 | D:4      | Found a staircase to the Ecumenical Temple.
  3829 | D:4      | Gained mutation: You are partially covered in thin metallic
                  | scales. (AC +2) [demonic ancestry]
  3829 | D:4      | Reached XP level 6. HP: 42/49 MP: 6/6
  3831 | D:4      | Reached skill level 1 in Throwing
  3921 | D:4      | HP: 2/49 [orc warrior/cursed -3 trident (10)]
  3922 | D:4      | Slain by an orc warrior

Illustrated notes

Levels and vault maps discovered:
D:1:      amcnicky_arrival_abandoned_market, layout_loops_corners,
          chequers_avenue
D:2:      layout_basic, lemuel_round_altar
D:3:      layout_loops_ring
D:4:      layout_loops_ring, minmay_temple_entry_mini_moons,
          biasface_ghost_orc_armoury

Skill      XL: |  1  2  3  4  5  6 |
---------------+-------------------+-----
Maces & Flails | 3 4 |  4.8
Armour         | 2 |  2.9
Dodging        | 2 |  2.0
Fighting       | 4 |  4.4
Throwing       | 1 |  1.3
Axes           | |  0.7

Action                   |  1- 3 |  4- 6 || total
-------------------------+-------+-------++-------
Melee: Mace              |   118 |    58 ||   176
       Headbutt          |     6 |    18 ||    24
       Hand axe          |       |    52 ||    52
Throw: Dart              |     5 |    30 ||    35
  Use: Scroll            |     1 |     8 ||     9
       Potion            |       |     1 ||     1
 Stab: Sleeping          |     1 |       ||     1
Armor: Animal skin       |    14 |       ||    14
       Plate armour      |    26 |    45 ||    71
       Skin              |       |    17 ||    17
Dodge: Dodged            |    92 |    59 ||   151
